 Dungeon Crawl Stone Soup version 0.21.1-1-g345015f (webtiles) character file.

5293 Leszczynek the Grappler (level 10, -15/90 HPs)
             Began as a Minotaur Monk on May 26, 2018.
             Demolished by vatarom's ghost (19 damage)
             ... on level 10 of the Dungeon.
             The game lasted 00:30:48 (12768 turns).

Leszczynek the Grappler (Minotaur Monk)            Turns: 12768, Time: 00:30:49

Health: -15/90     AC:  5    Str: 18    XL:     10   Next: 37%
Magic:  9/9        EV: 17    Int:  7    God:
Gold:   495        SH:  0    Dex: 14    Spells: 9/9 levels left

rFire    . . .     SeeInvis .     - Unarmed
rCold    . . .     Gourm    .   (no shield)
rNeg     . . .     Faith    .   (no armour)
rPois    .         Spirit   .   (helmet restricted)
rElec    .         Reflect  .   (no cloak)
rCorr    .         Harm     .   j - +2 pair of gloves
MR       .....                  n - +1 pair of boots
Stlth    +++.......             (no amulet)
HPRegen  0.25/turn              (no ring)
MPRegen  0.11/turn              (no ring)

@: no status effects
A: retaliatory headbutt, horns 2
a: no special abilities


You were on level 10 of the Dungeon.
You were not hungry.

You visited 1 branch of the dungeon, and saw 10 of its levels.

You collected 495 gold pieces.

Inventory:

Armour
 j - a +2 pair of gloves (worn)
 m - a +0 large shield
 n - a +1 pair of boots (worn)
Scrolls
 a - a scroll of random uselessness {unknown}
 b - 4 scrolls of teleportation
 f - 5 scrolls of remove curse {@r2}
 g - a scroll of amnesia {unknown}
 h - a scroll of magic mapping {unknown}
 p - 2 scrolls of torment {!r}
 r - a scroll of fog {unknown}
 s - a scroll of summoning {unknown}
 u - a scroll of noise {unknown}
Potions
 c - 2 potions of brilliance
 i - a potion of might
 k - a potion of magic
 l - a potion of flight
 o - a potion of cancellation
 q - a potion of curing {@q1}
 t - a potion of haste {unknown}
 x - 2 potions of heal wounds {@q2}
Comestibles
 d - 28 rations


   Skills:
 - Level 8.5 Fighting
 - Level 7.8 Dodging
 - Level 4.1 Stealth
 * Level 6.9 Shields
 + Level 11.5 Unarmed Combat


You had 9 spell levels left.
You didn't know any spells.

Dungeon Overview and Level Annotations

Branches:
Dungeon (10/15)            Temple (0/1) D:5
   Lair: D:8-11         Orc: D:9-12

Altars:
Fedhas
Makhleb
Nemelex Xobeh
Ru
Uskayaw
Xom
Yredelemnul

Shops:
D:6 (   D:8 %

Annotations:
D:2 exclusions: adder, orc and orc wizard
D:4 orc f
D:5 ogre
D:7 orc f, p0werm0de's ghost, novice OpCj
D:8 exclusions: 2 kobolds and two-headed ogre
D:9 BEES, troll, exclusion: killer bee
D:10 vatarom's ghost, journeyman GnWn


Innate Abilities, Weirdness & Mutations

You reflexively headbutt those who attack you in melee.
You have a pair of horns on your head.


Message History

You miss vatarom's ghost.
Vatarom's ghost is severely damaged.
Vatarom's ghost hits you!
The crimson imp blinks!
You punch vatarom's ghost! Your headbutt misses vatarom's ghost.
Vatarom's ghost is severely damaged.
Vatarom's ghost gestures wildly while chanting.
You completely miss vatarom's ghost.
Vatarom's ghost is severely damaged.
Vatarom's ghost hits you!
You closely miss vatarom's ghost.
Vatarom's ghost is severely damaged.
The ice beast closely misses you.
The crimson imp blinks!
Vatarom's ghost hits you!!
* * * LOW HITPOINT WARNING * * *
The ice beast hits you.
* * * LOW HITPOINT WARNING * * *
The ice beast freezes you.
* * * LOW HITPOINT WARNING * * *
Vatarom's ghost hits you!!
You die...

###
#########.##
#5Y.....W..#
#r#######.##
###W# #.#
#.@Y# #.#
#.### #.# #.#
#.# #ยง# #.#
#.#
######W######
#.#
#...........##
#.#
#.#####..)....
#5# #.
#####.## #.#
#. #.#


You could see 2 ice beasts, vatarom's ghost, a crimson imp, a white imp and a
rat.

Vanquished Creatures
  Pikel (D:9)
  Psyche (D:8)
  A hippogriff (D:10)
  A yak (D:10)
  A steam dragon (D:10)
  A water moccasin (D:8)
  Duvessa (D:7)
  3 slaves (D:9)
  7 ogres
  An orc warrior (D:10)
  3 ice beasts
  2 sky beasts
  A phantom (D:5)
  2 necrophages (D:9)
  4 centaurs
  A big kobold (D:10)
  5 bullfrogs
  Dowan (D:7)
  A water moccasin skeleton (D:4)
  2 scorpions
  5 killer bees
  4 crimson imps
  A bullfrog zombie (D:8)
  A quasit (D:8)
  A bullfrog skeleton (D:10)
  4 hounds
  7 orc wizards
  4 orc priests
  A jelly (D:7)
  An iguana (D:5)
  12 worker ants
  A hound skeleton (D:9)
  A worker ant zombie (D:8)
  Robin (D:4)
  6 gnolls
  14 adders
  A shadow imp (D:5)
  3 oozes
  2 worms
  4 dart slugs
  9 leopard geckos
  24 orcs
  2 giant cockroaches
  2 gnoll zombies (D:3)
  11 goblins
  11 hobgoblins
  11 jackals
  9 kobolds
  2 quokkas
  6 bats
  5 frilled lizards
  3 rats
209 creatures vanquished.

Vanquished Creatures (others)
  A killer bee (D:9)
  A quokka (D:9)
  4 plants (D:8)
6 creatures vanquished.

Grand Total: 215 creatures vanquished

Notes
Turn   | Place    | Note
-------+----------+-------------------------------------------
     0 | D:1      | Leszczynek the Minotaur Monk began the quest for the Orb.
     0 | D:1      | Reached XP level 1. HP: 19/19 MP: 0/0
   319 | D:1      | Reached skill level 4 in Unarmed Combat
   319 | D:1      | Reached XP level 2. HP: 23/26 MP: 1/1
   908 | D:1      | Reached XP level 3. HP: 28/31 MP: 2/2
  1148 | D:2      | Reached skill level 5 in Unarmed Combat
  1480 | D:2      | HP: 3/31 [orc/flail (11)]
  1766 | D:2      | Reached XP level 4. HP: 31/39 MP: 3/3
  2242 | D:3      | Found a shimmering altar of Xom.
  2242 | D:3      | Noticed a centaur
  2259 | D:3      | Killed a centaur
  2259 | D:3      | Reached skill level 6 in Unarmed Combat
  2259 | D:3      | Reached XP level 5. HP: 26/45 MP: 4/4
  2430 | D:3      | Found a sacrificial altar of Ru.
  3036 | D:3      | Found a faded altar of an unknown god.
  3198 | D:3      | Found a basalt altar of Yredelemnul.
  3350 | D:4      | Reached skill level 4 in Fighting
  3350 | D:4      | Reached skill level 7 in Unarmed Combat
  3350 | D:4      | Reached XP level 6. HP: 29/52 MP: 5/5
  3796 | D:4      | Noticed Robin
  3820 | D:4      | Killed Robin
  3884 | D:4      | Noticed an orc warrior
  3910 | D:4      | Reached skill level 4 in Dodging
  3919 | D:4      | d3 centaur, d4 orc warrior
  3919 | D:4      | d5 two headed ogre incoming
  4415 | D:5      | Entered Level 5 of the Dungeon
  4563 | D:5      | Reached XP level 7. HP: 49/60 MP: 6/6
  4641 | D:5      | Reached skill level 8 in Unarmed Combat
  4681 | D:5      | Reached skill level 5 in Fighting
  5180 | D:4      | Reached skill level 2 in Stealth
  5311 | D:5      | Reached skill level 5 in Dodging
  5491 | D:5      | Found a staircase to the Ecumenical Temple.
  5857 | D:5      | Found a burning altar of Makhleb.
  6190 | D:4      | Reached skill level 6 in Fighting
  6190 | D:4      | Reached XP level 8. HP: 52/70 MP: 7/7
  6290 | D:4      | Reached skill level 3 in Stealth
  6533 | D:4      | Found a sparkling altar of Nemelex Xobeh.
  6784 | D:6      | Found Rishrola's Weapon Boutique.
  6985 | D:6      | Reached skill level 6 in Dodging
  7833 | D:7      | Reached skill level 7 in Fighting
  7907 | D:7      | Reached skill level 9 in Unarmed Combat
  7923 | D:7      | Noticed p0werm0de's ghost (novice OpCj)
  7941 | D:7      | Reached skill level 4 in Stealth
  8681 | D:7      | Reached XP level 9. HP: 77/79 MP: 8/8
  8738 | D:7      | Noticed Duvessa
  8742 | D:7      | Noticed Dowan
  8759 | D:7      | Killed Duvessa
  8770 | D:7      | Killed Dowan
  8875 | D:8      | Noticed Psyche
  8888 | D:8      | Killed Psyche
  8888 | D:8      | Reached skill level 7 in Dodging
  8888 | D:8      | Reached skill level 10 in Unarmed Combat
  9149 | D:8      | Reached skill level 8 in Fighting
  9228 | D:8      | Found a blossoming altar of Fedhas.
  9270 | D:8      | Found Feutym's Food Shoppe.
  9818 | D:8      | Noticed a two-headed ogre
  9837 | D:8      | Found a hide-covered altar of Uskayaw.
 10116 | D:9      | Reached skill level 1 in Shields
 10187 | D:9      | Noticed Pikel
 10250 | D:9      | Killed Pikel
 10250 | D:9      | Reached skill level 4 in Shields
 10250 | D:9      | Reached skill level 11 in Unarmed Combat
 10514 | D:9      | Reached XP level 10. HP: 85/90 MP: 9/9
 10734 | D:10     | Entered Level 10 of the Dungeon
 10825 | D:10     | Noticed vatarom's ghost (journeyman GnWn)
 11514 | D:9      | Reached skill level 5 in Shields
 12063 | D:10     | Reached skill level 6 in Shields
 12767 | D:10     | HP: 12/90 [vatarom's ghost (21)]
 12768 | D:10     | HP: 4/90 [ice beast[vatarom's ghost] (6)]
 12768 | D:10     | Demolished by vatarom's ghost

Skill      XL: |  1  2  3  4  5  6  7  8  9 10 |
---------------+-------------------------------+-----
Unarmed Combat | 4 5 6 7 8 9 11 | 11.5
Fighting       | 4 6 7 8 |  8.5
Dodging        | 4 5 6 7 |  7.8
Stealth        | 2 4 |  4.1
Shields        | 4 6 |  6.9

Action                   |  1- 3 |  4- 6 |  7- 9 | 10-12 || total
-------------------------+-------+-------+-------+-------++-------
Melee: Unarmed           |    91 |   148 |   333 |   127 ||   699
       Headbutt          |    11 |    32 |    69 |    21 ||   133
       Punch             |     1 |     4 |    21 |    12 ||    38
  Use: Potion            |     5 |     3 |       |     2 ||    10
       Scroll            |       |       |     9 |     4 ||    13
 Stab: Sleeping          |     3 |     2 |    14 |     2 ||    21
       Invisible         |       |       |       |     1 ||     1
  Eat: Chunk             |     1 |    10 |    19 |     7 ||    37
Armor: Skin              |       |     1 |    31 |    21 ||    53
Dodge: Dodged            |    48 |    73 |   154 |    75 ||   350
